 Dungeon Crawl Stone Soup version 0.23.2-40-g277498a001 (webtiles) character file.

Game seed: 1847045119518226388

329 Leekoo the Poker (level 6, -1/49 HPs)
             Began as a Merfolk Abyssal Knight on Sept 28, 2019.
             Was a Priest of Lugonu.
             Killed from afar by an orc wizard (9 damage)
             ... with a puff of flame
             ... on level 3 of the Dungeon.
             The game lasted 00:37:19 (5402 turns).

Leekoo the Poker (Merfolk Abyssal Knight)           Turns: 5402, Time: 00:37:19

Health: -1/49      AC:  3    Str: 13    XL:     6   Next: 50%
Magic:  8/8        EV: 13    Int: 12    God:    Lugonu [***...]
Gold:   184        SH:  0    Dex: 14    Spells: 5/5 levels left

rFire    . . .     SeeInvis .   a - +1 spear
rCold    . . .     Gourm    .   (no shield)
rNeg     . . .     Faith    .   b - +0 leather armour
rPois    .         Spirit   .   (no helmet)
rElec    .         Reflect  .   (no cloak)
rCorr    .         Harm     .   (no gloves)
MR       .....                  (no boots)
Stlth    ++........             (no amulet)
HPRegen  0.16/turn              (no ring)
MPRegen  0.11/turn              (no ring)

@: no status effects
A: change form in water, swift swim, stealthy swim
a: Depart the Abyss, Bend Space, Banish, Renounce Religion


You were on level 3 of the Dungeon.
You worshipped Lugonu.
Lugonu was most pleased with you.
You were hungry.

You visited 1 branch of the dungeon, and saw 5 of its levels.
You visited the Abyss 1 time.

You collected 184 gold pieces.

Inventory:

Hand Weapons
 a - a +1 spear (weapon)
Missiles
 e - 125 stones (quivered)
 n - a throwing net
Armour
 b - a +0 leather armour (worn)
Jewellery
 q - an uncursed ring of fire
Wands
 t - a wand of scattershot (3)
Scrolls
 d - 3 scrolls of identify
 k - a scroll of amnesia
 m - 2 scrolls of remove curse
 o - a scroll of random uselessness {unknown}
 s - 2 scrolls of noise
 u - a scroll of teleportation {unknown}
Potions
 f - a potion of flight {unknown}
 h - a potion of mutation {unknown}
 i - 4 potions of curing
 j - a potion of cancellation {unknown}
 l - 2 potions of brilliance {unknown}
 r - 2 potions of degeneration {unknown}
 v - 2 potions of heal wounds {unknown}
Comestibles
 c - 9 rations
 g - 5 chunks of flesh


   Skills:
 + Level 4.4 Fighting
 * Level 6.2 Polearms
 - Level 0.6 Armour
 + Level 4.2 Dodging
 + Level 2.5 Stealth
 + Level 3.2 Invocations


You had 5 spell levels left.
You didn't know any spells.
Your spell library was empty.

Dungeon Overview and Level Annotations

Branches:
Dungeon (5/15)
 Temple: D:4-7

Altars:
Dithmenos
Vehumet

Annotations:
D:5 Edmund


Message History

The magic dart hits you.
You hit something. Something hits you.
You miss something. Something hits you. Something hits you but does no damage.
You completely miss something. Something hits you.
You miss something. Something hits you but does no damage.
You closely miss something. You closely miss something. Something hits you.
You completely miss something.
You hear some strange, mumbled words.
A puff of frost appears from out of thin air!
The puff of frost hits you!
* * * LOW HITPOINT WARNING * * *
Okay, then.
Okay, then.
You miss something. Something hits you but does no damage.
You closely miss something.
You hear some strange, mumbled words.
A puff of flame appears from out of thin air!
The puff of flame hits you!
You die...

######### #.......#
#######.#####.#
#..........##.#####
#.#####.##....{@..#
#.# #.......###.#
#.#
###########.####
#.# #......# ##.##
#.#.##.# #...##
#.#.##.#
.....#########
#.#....#
#...###......#
#.####.# ....#
#......# #.####.#


There were no monsters in sight!

Vanquished Creatures
  An orc priest (D:4)
  3 orc wizards (D:4)
  A worker ant (D:4)
  A gnoll (D:1)
  7 adders
  A shadow imp (D:4)
  2 oozes
  3 worms
  3 dart slugs
  A leopard gecko (D:4)
  5 orcs
  4 ball pythons (D:4)
  8 giant cockroaches
  12 goblins
  9 hobgoblins
  4 jackals (D:4)
  A quokka (D:2)
  9 bats
  7 frilled lizards
  5 kobolds
  A quokka skeleton (D:3)
  7 rats
95 creatures vanquished.

Notes
Turn   | Place    | Note
-------+----------+-------------------------------------------
     0 | Abyss:1  | Leekoo the Merfolk Abyssal Knight began the quest for the
                  | Orb.
     0 | Abyss:1  | Reached XP level 1. HP: 18/18 MP: 2/2
     0 | Abyss:1  | Found a corrupted altar of Lugonu.
    33 | D:1      | Escaped the Abyss
   155 | D:1      | Reached XP level 2. HP: 22/24 MP: 3/3
   710 | D:1      | Reached XP level 3. HP: 16/29 MP: 4/4
   937 | D:1      | Reached skill level 4 in Polearms
  1381 | D:2      | Reached skill level 1 in Stealth
  1387 | D:2      | Reached ** piety under Lugonu
  1387 | D:2      | Reached XP level 4. HP: 11/37 MP: 5/5
  2411 | D:3      | Reached XP level 5. HP: 31/42 MP: 7/7
  2530 | D:3      | Found a shadowy altar of Dithmenos.
  2550 | D:3      | Reached skill level 5 in Polearms
  3635 | D:5      | Entered Level 5 of the Dungeon
  3635 | D:5      | Found a radiant altar of Vehumet.
  3635 | D:5      | Noticed Edmund
  3635 | D:5      | Noticed an ogre
  3635 | D:5      | Noticed a centaur
  3833 | D:4      | Noticed a phantom
  3878 | D:5      | Noticed a phantom
  4561 | D:4      | Reached XP level 6. HP: 27/48 MP: 8/8
  4815 | D:4      | Reached skill level 6 in Polearms
  4890 | D:4      | Reached *** piety under Lugonu
  5402 | D:3      | Killed from afar by an orc wizard

Skill      XL: |  1  2  3  4  5  6 |
---------------+-------------------+-----
Dodging        | 3 4 |  4.2
Polearms       | 4 5 6 |  6.2
Stealth        | 1 2 |  2.5
Fighting       | 4 |  4.4
Invocations    | 3 |  3.2
Armour         | |  0.6

Action                   |  1- 3 |  4- 6 || total
-------------------------+-------+-------++-------
Melee: Spear             |    98 |   384 ||   482
Throw: Stone             |     3 |    18 ||    21
  Use: Scroll            |       |     6 ||     6
 Stab: Sleeping          |     2 |    10 ||    12
       Distracted        |       |     1 ||     1
  Eat: Chunk             |     1 |    13 ||    14
Armor: Leather armour    |    15 |    38 ||    53
Dodge: Dodged            |    33 |   147 ||   180
